 Dungeon Crawl Stone Soup version 0.25.1-2-g60ff931df9 (webtiles) character file.

Game seed: 7813273202869719278

687 Partarappunen the Basher (level 7, -1/57 HPs)
             Began as a Minotaur Berserker on Oct 14, 2020.
             Was a Believer of Trog.
             Killed by nerve-wracking pain
             ... invoked by Menkaure
              (9 damage)
             ... on level 5 of the Dungeon.
             The game lasted 00:06:37 (4267 turns).

Partarappunen the Basher (Minotaur Berserker)       Turns: 4267, Time: 00:06:38

Health: -1/57      AC: 11    Str: 20 (21) XL:     7   Next: 35%
Magic:  6/6        EV:  6    Int:  2 (4)  God:    Trog [**....]
Gold:   250        SH:  0    Dex:  9 (12) Spells: 6/6 levels left

rFire    . . .     SeeInvis .   u - +0 flail
rCold    . . .     Gourm    .   (no shield)
rNeg     . . .     Faith    .   v - +0 plate armour
rPois    .         Spirit   .   (helmet restricted)
rElec    .         Reflect  .   (no cloak)
rCorr    .         Harm     .   (no gloves)
MR       .....                  (no boots)
Stlth    ..........             (no amulet)
HPRegen  0.19/turn              (no ring)
MPRegen  0.10/turn              (no ring)

@: berserk cooldown, flying
A: retaliatory headbutt, horns 2
a: Berserk, Trog's Hand, Renounce Religion


You were on level 5 of the Dungeon.
You worshipped Trog.
Trog was pleased with you.
You were not hungry.

You visited 1 branch of the dungeon, and saw 5 of its levels.

You collected 250 gold pieces.

Inventory:

Hand Weapons
 a - a +0 mace
 u - a +0 flail (weapon)
Armour
 k - a +2 pair of gloves
 v - a +0 plate armour (worn)
Jewellery
 h - a cursed ring of teleportation {unknown}
 s - a +6 ring of intelligence {unknown}
Wands
 b - a wand of clouds (6)
 x - a wand of disintegration (16)
Scrolls
 f - 2 scrolls of teleportation {unknown}
 g - 2 scrolls of identify {unknown}
 j - 3 scrolls of fear
 l - a scroll of magic mapping {unknown}
 m - 6 scrolls of remove curse {unknown}
 n - 2 scrolls of enchant weapon {unknown}
 p - 2 scrolls of enchant armour {unknown}
 q - a scroll of blinking {unknown}
 t - a scroll of amnesia {unknown}
Potions
 d - a potion of curing {unknown}
 e - a potion of degeneration
 i - a potion of ambrosia {unknown}
 o - a potion of flight
 r - a potion of mutation {unknown}
 w - a potion of haste {unknown}
Comestibles
 c - 4 rations


   Skills:
 - Level 3.6 Fighting
 + Level 10.3 Maces & Flails
 - Level 2.4 Armour
 - Level 2.1 Dodging


You had 6 spell levels left.
You didn't know any spells.
Your spell library was empty.

Dungeon Overview and Level Annotations

Branches:
Dungeon (5/15)             Temple (0/1) D:4

Altars:

Annotations:
D:5 Menkaure


Innate Abilities, Weirdness & Mutations

You reflexively headbutt those who attack you in melee.
You have a pair of horns on your head.


Message History

You resist with almost no effort.
Menkaure calls on the powers of darkness!
Your body is wracked with pain!
* * * LOW HITPOINT WARNING * * *
There is an open door here.
Menkaure barely misses you. You furiously retaliate!
You headbutt Menkaure!
You feel the effects of Trog's Hand fading.
Menkaure hits you!
* * * LOW HITPOINT WARNING * * *
Menkaure barely misses you. You furiously retaliate!
You headbutt Menkaure.
Menkaure calls on the powers of darkness!
Your body is wracked with pain!
* * * LOW HITPOINT WARNING * * *
Menkaure shouts, "Why can't you leave me to my rest?"
Menkaure barely misses you.
You feel yourself speed up.
Your skin stops crawling.
You feel less resistant to hostile enchantments.
Menkaure gestures at you while chanting.
Pain shoots through your body!
You die...

##############
#...@........######## ###
#####.#.########.##.....#
#.. .......M.##
#.##.###.# #.#
#####.....# #....# #.#
#.# #####....##
####.###.#
####.###.....#.## #.....#
#........###.#.# ###.###
#.##.##### #.#.# #.# #
#.#######.#'## #.#


You could see Menkaure (fast).

Vanquished Creatures
  A phantom (D:4)
  An ogre (D:5)
  3 centaurs (D:5)
  A hound (D:4)
  2 orc priests
  An orc wizard (D:5)
  A worker ant (D:4)
  A hound zombie (D:5)
  A worker ant zombie (D:5)
  3 adders
  An ooze (D:1)
  3 worms
  2 dart slugs
  8 orcs
  3 giant cockroaches
  5 goblins
  6 hobgoblins
  2 jackals (D:1)
  4 quokkas
  A ball python (D:1)
  8 bats
  7 frilled lizards
  8 kobolds
  8 rats
81 creatures vanquished.

Notes
Turn   | Place    | Note
-------+----------+-------------------------------------------
     0 | D:1      | Partarappunen the Minotaur Berserker began the quest for
                  | the Orb.
     0 | D:1      | Reached XP level 1. HP: 19/19 MP: 0/0
   131 | D:1      | Reached skill level 4 in Maces & Flails
   180 | D:1      | Reached XP level 2. HP: 26/26 MP: 1/1
   798 | D:1      | Reached skill level 5 in Maces & Flails
   838 | D:1      | Reached XP level 3. HP: 31/31 MP: 2/2
   848 | D:1      | Reached ** piety under Trog
  1828 | D:2      | Reached skill level 6 in Maces & Flails
  1828 | D:2      | Reached XP level 4. HP: 39/39 MP: 3/3
  2586 | D:4      | Noticed a phantom
  2596 | D:4      | Killed a phantom
  2596 | D:4      | Reached skill level 7 in Maces & Flails
  2596 | D:4      | Reached XP level 5. HP: 45/45 MP: 4/4
  2741 | D:4      | Found a staircase to the Ecumenical Temple.
  3213 | D:4      | Reached skill level 8 in Maces & Flails
  3259 | D:4      | Reached XP level 6. HP: 51/51 MP: 5/5
  3418 | D:5      | Entered Level 5 of the Dungeon
  3431 | D:5      | Reached skill level 9 in Maces & Flails
  3726 | D:5      | Reached XP level 7. HP: 16/57 MP: 6/6
  4046 | D:5      | Reached skill level 10 in Maces & Flails
  4244 | D:5      | Noticed Menkaure
  4267 | D:5      | Killed from afar by Menkaure

Illustrated notes

Levels and vault maps discovered:
D:1:      minmay_arrival_nine_rooms, layout_basic
D:2:      minmay_door_path, layout_loops_ring
D:3:      layout_basic, due_unseen_surprise
D:4:      layout_cave_pools, temple_fountains
D:5:      layout_loops_corners, first_ration, basic_altar,
          minmay_misc_feat_tiny, sigmund_army, uniq_menkaure

Skill      XL: |  1  2  3  4  5  6  7 |
---------------+----------------------+-----
Maces & Flails | 4 5 6 7 8 9 10 | 10.3
Fighting       | |  3.6
Armour         | |  2.4
Dodging        | |  2.1

Action                   |  1- 3 |  4- 6 |  7- 9 || total
-------------------------+-------+-------+-------++-------
Melee: Mace              |    75 |     5 |       ||    80
       Headbutt          |    10 |    15 |     7 ||    32
       Flail             |       |    65 |    27 ||    92
Invok: Berserk           |     1 |     3 |     2 ||     6
       Trog's Hand       |     1 |       |     1 ||     2
  Use: Scroll            |       |     1 |       ||     1
       Potion            |       |       |     2 ||     2
 Stab: Sleeping          |     1 |       |       ||     1
  Eat: Chunk             |     1 |     5 |     1 ||     7
       Ration            |     1 |     1 |     1 ||     3
Armor: Animal skin       |     4 |       |       ||     4
       Scale mail        |    12 |     8 |       ||    20
       Plate armour      |       |    44 |    12 ||    56
Dodge: Dodged            |    51 |    16 |    11 ||    78
